| TOP OF THE 1ST |
|
Minnesota (NYP) Twins batting - Pitching for Staten Island Yankees : RHP Francisco Rosado
|
|
Pitching: RHP Francisco Rosado
|
|
|
Batting: RHB David McClellan
|
0-0: Called Strike 0-1: Ball 1-1: Fly out, F9 (Flyball, 9LM, EV 98.1 MPH)
|
|
Batting: RHB Sergio Gomez
|
0-0: Called Strike 0-1: Ground out 5-3 (Groundball, 56, EV 89.4 MPH)
|
|
Batting: LHB Tomas Espino
|
0-0: Called Strike 0-1: Swinging Strike 0-2: SOLO HOME RUN (Line Drive, 7D, EV 103.1 MPH), Distance : 390 ft
|
|
Batting: LHB Ryuuichi Shintani
|
0-0: Called Strike 0-1: Swinging Strike 0-2: Ball 1-2: SINGLE (Flyball, 5D, EV 91.2 MPH)
|
|
Batting: RHB Caleb Bockmann
|
0-0: Ball Ryuuichi Shintani is caught stealing 2nd base 2-4
|
| Top of the 1st over - 1 run, 2 hits, 0 errors, 0 left on base; Minnesota (NYP) 1 - Staten Island 0 |
| BOTTOM OF THE 1ST |
|
Staten Island Yankees batting - Pitching for Minnesota (NYP) Twins : RHP Glen Dutton
|
|
Pitching: RHP Glen Dutton
|
|
|
Batting: RHB Norimoto Miyanishi
|
0-0: Called Strike 0-1: Ground out 6-3 (Groundball, 6, EV 79.4 MPH)
|
|
Batting: LHB Dario Segura
|
0-0: Ball 1-0: Ground out 3-1 (Groundball, 34, EV 108.1 MPH)
|
|
Batting: RHB Edite Leoni
|
0-0: Swinging Strike 0-1: Foul Ball, location: 2F 0-2: Ball 1-2: Ball 2-2: Strikes out swinging
|
| Bottom of the 1st over - 0 runs, 0 hits, 0 errors, 0 left on base; Minnesota (NYP) 1 - Staten Island 0 |
| TOP OF THE 2ND |
|
Minnesota (NYP) Twins batting - Pitching for Staten Island Yankees : RHP Francisco Rosado
|
|
Batting: RHB Caleb Bockmann
|
0-0: Ball 1-0: Foul Ball, location: 2F 1-1: DOUBLE (Groundball, 5L, EV 96.2 MPH)
|
|
Batting: LHB Jose Hilario
|
0-0: Swinging Strike 0-1: Ball 1-1: Ball 2-1: Ball 3-1: Swinging Strike 3-2: Fly out, F8 (Flyball, 8RM, EV 88.8 MPH)
|
|
Batting: LHB Ben Roth
|
0-0: Ground out 2-3 (Groundball, 15S, EV 68.8 MPH) Caleb Bockmann to third
|
|
Batting: RHB Ton van Dijk
|
0-0: Ground out 3-1 (Groundball, 34S, EV 81.2 MPH)
|
| Top of the 2nd over - 0 runs, 1 hit, 0 errors, 1 left on base; Minnesota (NYP) 1 - Staten Island 0 |
| BOTTOM OF THE 2ND |
|
Staten Island Yankees batting - Pitching for Minnesota (NYP) Twins : RHP Glen Dutton
|
|
Batting: SHB Tadaaki Kondo
|
0-0: Swinging Strike 0-1: Ball 1-1: Ball 2-1: DOUBLE (Line Drive, 78D, EV 111.2 MPH)
|
|
Batting: LHB Mike Schermerhorn
|
0-0: Ball 1-0: Ball 2-0: Called Strike 2-1: Swinging Strike 2-2: Strikes out swinging
|
|
Batting: SHB Adam Slade
|
0-0: Ball 1-0: Ball 2-0: Ball 3-0: Base on Balls
|
|
Batting: RHB Matt Thompson
|
0-0: Ball 1-0: Grounds into double play, 4-6-3 (Groundball, 4, EV 106.2 MPH)
|
| Bottom of the 2nd over - 0 runs, 1 hit, 0 errors, 1 left on base; Minnesota (NYP) 1 - Staten Island 0 |
| TOP OF THE 3RD |
|
Minnesota (NYP) Twins batting - Pitching for Staten Island Yankees : RHP Francisco Rosado
|
|
Batting: SHB Juan Aguilar
|
0-0: Ball 1-0: Ground out 5-3 (Groundball, 56, EV 86.9 MPH)
|
|
Batting: RHB David McClellan
|
0-0: Called Strike 0-1: Ground out 6-3 (Groundball, 6, EV 85.6 MPH)
|
|
Batting: RHB Sergio Gomez
|
0-0: Called Strike 0-1: Foul Ball, location: 2F 0-2: Foul Ball, location: 2F 0-2: Fly out, F7 (Flyball, 7, EV 83.8 MPH)
|
| Top of the 3rd over - 0 runs, 0 hits, 0 errors, 0 left on base; Minnesota (NYP) 1 - Staten Island 0 |
| BOTTOM OF THE 3RD |
|
Staten Island Yankees batting - Pitching for Minnesota (NYP) Twins : RHP Glen Dutton
|
|
Batting: LHB Danny de Leon
|
0-0: Ball 1-0: Swinging Strike 1-1: Ground out 6-3 (Groundball, 6, EV 83.8 MPH)
|
|
Batting: RHB Jesus Ruiz
|
0-0: Called Strike 0-1: Ball 1-1: Called Strike 1-2: Ball 2-2: Ball 3-2: Base on Balls
|
|
Batting: RHB Norimoto Miyanishi
|
0-0: Fielders Choice at 2nd, 5-4 (Groundball, 56D, EV 101.9 MPH)
|
|
Batting: LHB Dario Segura
|
0-0: Called Strike 0-1: Ball 1-1: Foul Ball, location: 2F 1-2: Ground out 4-3 (Groundball, 4, EV 86.2 MPH)
|
| Bottom of the 3rd over - 0 runs, 0 hits, 0 errors, 1 left on base; Minnesota (NYP) 1 - Staten Island 0 |
| TOP OF THE 4TH |
|
Minnesota (NYP) Twins batting - Pitching for Staten Island Yankees : RHP Francisco Rosado
|
|
Batting: LHB Tomas Espino
|
0-0: Ball 1-0: Called Strike 1-1: Ground out 1-3 (Groundball, 13S, EV 72.5 MPH)
|
|
Batting: LHB Ryuuichi Shintani
|
0-0: Called Strike 0-1: Ground out 6-3 (Groundball, 56, EV 90.6 MPH)
|
|
Batting: RHB Caleb Bockmann
|
0-0: Ball 1-0: Foul Ball, location: 2F 1-1: Ball 2-1: Ground out 4-3 (Groundball, 4, EV 87.5 MPH)
|
| Top of the 4th over - 0 runs, 0 hits, 0 errors, 0 left on base; Minnesota (NYP) 1 - Staten Island 0 |
| BOTTOM OF THE 4TH |
|
Staten Island Yankees batting - Pitching for Minnesota (NYP) Twins : RHP Glen Dutton
|
|
Batting: RHB Edite Leoni
|
0-0: Called Strike 0-1: SOLO HOME RUN (Flyball, 7D, EV 98.8 MPH), Distance : 402 ft
|
|
Batting: SHB Tadaaki Kondo
|
0-0: Foul Ball, location: 2F 0-1: Swinging Strike 0-2: Ball 1-2: Ball 2-2: Strikes out swinging
|
|
Batting: LHB Mike Schermerhorn
|
0-0: Called Strike 0-1: Ball 1-1: Foul Ball, location: 2F 1-2: Fly out, F8 (Flyball, 89M, EV 81.2 MPH)
|
|
Batting: SHB Adam Slade
|
0-0: Ball 1-0: Foul Ball, location: 2F 1-1: Ball 2-1: Foul Ball, location: 2F 2-2: Foul Ball, location: 2F 2-2: Foul Ball, location: 2F 2-2: Ball 3-2: Ground out U3 (Groundball, 3, EV 86.2 MPH)
|
| Bottom of the 4th over - 1 run, 1 hit, 0 errors, 0 left on base; Minnesota (NYP) 1 - Staten Island 1 |
| TOP OF THE 5TH |
|
Minnesota (NYP) Twins batting - Pitching for Staten Island Yankees : RHP Francisco Rosado
|
|
Batting: LHB Jose Hilario
|
0-0: Ball 1-0: Called Strike 1-1: Swinging Strike 1-2: Ball 2-2: Ball 3-2: Foul Ball, location: 2F 3-2: Foul Ball, location: 2F 3-2: Foul Ball, location: 2F 3-2: Ground out 4-3 (Groundball, 4, EV 95.6 MPH)
|
|
Batting: LHB Ben Roth
|
0-0: Called Strike 0-1: Ball 1-1: Swinging Strike 1-2: Strikes out swinging
|
|
Batting: RHB Ton van Dijk
|
0-0: Ball 1-0: Called Strike 1-1: Ball 2-1: Reached on error, E2 (Groundball, 2L, EV 65.0 MPH)
|
|
Batting: SHB Juan Aguilar
|
0-0: Ball Ton van Dijk steals 2nd base 1-0: Ball 2-0: SINGLE (Groundball, 56D, EV 107.5 MPH) Ton van Dijk to third Runner from 3rd tries for Home, SAFE, throw by LF to home Juan Aguilar to second
|
|
Batting: RHB David McClellan
|
0-0: Called Strike 0-1: Ball 1-1: Foul Ball, location: 2F 1-2: Strikes out looking
|
| Top of the 5th over - 1 run, 1 hit, 1 error, 1 left on base; Minnesota (NYP) 2 - Staten Island 1 |
| BOTTOM OF THE 5TH |
|
Staten Island Yankees batting - Pitching for Minnesota (NYP) Twins : RHP Glen Dutton
|
|
Batting: RHB Matt Thompson
|
0-0: Ground out U3 (Groundball, 23, EV 81.2 MPH)
|
|
Batting: LHB Danny de Leon
|
0-0: Ball 1-0: Ball 2-0: Foul Ball, location: 2F 2-1: Ball 3-1: Base on Balls
|
|
Batting: RHB Jesus Ruiz
|
0-0: Foul Ball, location: 2F 0-1: Foul Ball, location: 2F 0-2: Strikes out swinging
|
|
Batting: RHB Norimoto Miyanishi
|
0-0: Ball 1-0: Called Strike 1-1: Foul Ball, location: 2F 1-2: Strikes out swinging
|
| Bottom of the 5th over - 0 runs, 0 hits, 0 errors, 1 left on base; Minnesota (NYP) 2 - Staten Island 1 |
| TOP OF THE 6TH |
|
Minnesota (NYP) Twins batting - Pitching for Staten Island Yankees : RHP Francisco Rosado
|
|
Batting: RHB Sergio Gomez
|
0-0: Ball 1-0: Ball 2-0: SINGLE (Groundball, 4MD, EV 106.9 MPH)
|
|
Batting: LHB Tomas Espino
|
0-0: Ball 1-0: Called Strike Sergio Gomez steals 2nd, throwing error, E2 Sergio Gomez to third 1-1: Ball 2-1: SINGLE (Groundball, 4, EV 95.6 MPH) Sergio Gomez scores
|
|
Batting: LHB Ryuuichi Shintani
|
0-0: Foul Ball, location: 2F 0-1: Fielders Choice at 2nd, 6-4 (Groundball, 6, EV 80.6 MPH)
|
|
Batting: RHB Caleb Bockmann
|
0-0: Ball Ryuuichi Shintani steals 2nd base 1-0: Foul Ball, location: 2F 1-1: Ball 2-1: Called Strike 2-2: Strikes out swinging
|
|
Batting: LHB Jose Hilario
|
0-0: Hit by Pitch
|
|
Batting: LHB Ben Roth
|
0-0: Ball Wild Pitch! Ryuuichi Shintani to third Jose Hilario to second 1-0: Ball Passed Ball! Ryuuichi Shintani scores Jose Hilario to third 2-0: Ground out U3 (Groundball, 3, EV 102.5 MPH)
|
| Top of the 6th over - 2 runs, 2 hits, 1 error, 1 left on base; Minnesota (NYP) 4 - Staten Island 1 |
| BOTTOM OF THE 6TH |
|
Staten Island Yankees batting - Pitching for Minnesota (NYP) Twins : RHP Glen Dutton
|
|
Batting: LHB Dario Segura
|
0-0: Called Strike 0-1: Called Strike 0-2: Foul Ball, location: 2F 0-2: Foul Ball, location: 2F 0-2: Ball 1-2: Strikes out looking
|
|
Batting: RHB Edite Leoni
|
0-0: Ball 1-0: Ball 2-0: Swinging Strike 2-1: Ground out 5-3 (Groundball, 56, EV 81.2 MPH)
|
|
Batting: SHB Tadaaki Kondo
|
0-0: Called Strike 0-1: Ball 1-1: Foul Ball, location: 2F 1-2: Ball 2-2: Fly out, F9 (Flyball, 89S, EV 91.2 MPH)
|
| Bottom of the 6th over - 0 runs, 0 hits, 0 errors, 0 left on base; Minnesota (NYP) 4 - Staten Island 1 |
| TOP OF THE 7TH |
|
Minnesota (NYP) Twins batting - Pitching for Staten Island Yankees : RHP Francisco Rosado
|
|
Pitching: RHP Jake Bryant
|
|
|
Batting: RHB Ton van Dijk
|
0-0: Foul Ball, location: 2F 0-1: Swinging Strike 0-2: Ball 1-2: Strikes out swinging
|
|
Batting: SHB Juan Aguilar
|
0-0: Ball 1-0: Swinging Strike 1-1: Ball 2-1: Foul Ball, location: 2F 2-2: Ball 3-2: Strikes out looking
|
|
Batting: RHB David McClellan
|
0-0: Ball 1-0: Foul Ball, location: 2F 1-1: SINGLE (Groundball, 34D, EV 97.5 MPH)
|
|
Batting: RHB Sergio Gomez
|
0-0: Called Strike 0-1: Called Strike David McClellan steals 2nd base 0-2: Strikes out swinging
|
| Top of the 7th over - 0 runs, 1 hit, 0 errors, 1 left on base; Minnesota (NYP) 4 - Staten Island 1 |
| BOTTOM OF THE 7TH |
|
Staten Island Yankees batting - Pitching for Minnesota (NYP) Twins : RHP Glen Dutton
|
|
Pitching: RHP Pat Adams
|
|
|
Batting: LHB Mike Schermerhorn
|
0-0: Swinging Strike 0-1: Called Strike 0-2: Strikes out swinging
|
|
Batting: SHB Adam Slade
|
0-0: Called Strike 0-1: Ground out 6-3 (Groundball, 6M, EV 106.9 MPH)
|
|
Batting: RHB Matt Thompson
|
0-0: Called Strike 0-1: Swinging Strike 0-2: Ball 1-2: Ball 2-2: Ball 3-2: Strikes out swinging
|
| Bottom of the 7th over - 0 runs, 0 hits, 0 errors, 0 left on base; Minnesota (NYP) 4 - Staten Island 1 |
| TOP OF THE 8TH |
|
Minnesota (NYP) Twins batting - Pitching for Staten Island Yankees : RHP Jake Bryant
|
|
Batting: LHB Tomas Espino
|
0-0: Ball 1-0: Fly out, F9 (Flyball, 89M, EV 90.6 MPH)
|
|
Batting: LHB Ryuuichi Shintani
|
0-0: Ball 1-0: Hit by Pitch
|
|
Batting: RHB Caleb Bockmann
|
0-0: Ball 1-0: Ball 2-0: Called Strike 2-1: Ball 3-1: Fielders Choice at 2nd, 5-4 (Groundball, 56, EV 93.1 MPH)
|
|
Pitching: RHP Gary Salazar
|
|
|
Batting: LHB Jose Hilario
|
0-0: Called Strike Caleb Bockmann is caught stealing 2nd base 2-6
|
| Top of the 8th over - 0 runs, 0 hits, 0 errors, 0 left on base; Minnesota (NYP) 4 - Staten Island 1 |
| BOTTOM OF THE 8TH |
|
Staten Island Yankees batting - Pitching for Minnesota (NYP) Twins : RHP Pat Adams
|
|
Batting: LHB Danny de Leon
|
0-0: Ball 1-0: Ball 2-0: Called Strike 2-1: Swinging Strike 2-2: Strikes out swinging
|
|
Batting: RHB Jesus Ruiz
|
0-0: Called Strike 0-1: Ball 1-1: Called Strike 1-2: Ball 2-2: Foul Ball, location: 2F 2-2: Fly out, F7 (Flyball, 7LM, EV 81.2 MPH)
|
|
Batting: RHB Norimoto Miyanishi
|
0-0: Called Strike 0-1: Swinging Strike 0-2: Ball 1-2: Ball 2-2: Foul Ball, location: 2F 2-2: Strikes out swinging
|
| Bottom of the 8th over - 0 runs, 0 hits, 0 errors, 0 left on base; Minnesota (NYP) 4 - Staten Island 1 |
| TOP OF THE 9TH |
|
Minnesota (NYP) Twins batting - Pitching for Staten Island Yankees : RHP Gary Salazar
|
|
Batting: LHB Jose Hilario
|
0-0: Called Strike 0-1: Ball 1-1: SINGLE (Line Drive, 8LS, EV 92.5 MPH)
|
|
Batting: LHB Ben Roth
|
0-0: Called Strike 0-1: Ball 1-1: Ball 2-1: Bunted foul 2-2: Fielders Choice at 2nd, 4-6 (Groundball, 34D, EV 85.6 MPH)
|
|
Batting: RHB Ton van Dijk
|
0-0: Called Strike Ben Roth steals 2nd base 0-1: Ground out 6-3 (Groundball, 6M, EV 109.4 MPH) Ben Roth to third
|
|
Batting: SHB Juan Aguilar
|
0-0: SINGLE (Groundball, 6, EV 98.1 MPH) Ben Roth scores
|
|
Batting: RHB David McClellan
|
0-0: Ball Passed Ball! Juan Aguilar to second 1-0: SINGLE (Groundball, 6MD, EV 96.9 MPH) Juan Aguilar to third Runner from 3rd tries for Home, SAFE, throw by CF to home
|
|
Batting: RHB Sergio Gomez
|
0-0: Ball 1-0: Called Strike David McClellan is caught stealing 2nd base 2-4
|
| Top of the 9th over - 2 runs, 3 hits, 0 errors, 0 left on base; Minnesota (NYP) 6 - Staten Island 1 |
| BOTTOM OF THE 9TH |
|
Staten Island Yankees batting - Pitching for Minnesota (NYP) Twins : RHP Pat Adams
|
|
Batting: LHB Dario Segura
|
0-0: Ball 1-0: Ball 2-0: Called Strike 2-1: Called Strike 2-2: Strikes out swinging
|
|
Pitching: LHP Yeijiro Kimura
|
|
|
Batting: RHB Edite Leoni
|
0-0: Called Strike 0-1: Foul Ball, location: 2F 0-2: Ball 1-2: Ball 2-2: Strikes out swinging
|
|
Batting: SHB Tadaaki Kondo
|
0-0: Foul Ball, location: 2F 0-1: Fly out, F9 (Line Drive, 9S, EV 91.9 MPH)
|
| Bottom of the 9th over - 0 runs, 0 hits, 0 errors, 0 left on base; Minnesota (NYP) 6 - Staten Island 1 |
|